 Dungeon Crawl Stone Soup version 0.18.1-50-g88ac8fd (webtiles) character file.

86 Amnesiac the Cutter (level 4, 0/23 HPs)
             Began as a Spriggan Fighter on Mar 1, 2018.
             Killed by nerve-wracking pain
             ... invoked by a shadow imp
              (10 damage)
             ... in a sewer.
             The game lasted 00:10:20 (1835 turns).

Amnesiac the Cutter (Spriggan Fighter)              Turns: 1835, Time: 00:10:21

Health: 0/23       AC:  2    Str: 12 (13) XL:     4   Next: 27%
Magic:  5/5        EV: 16    Int:  7 (9)  God:
Gold:   53         SH:  5    Dex:  6 (15) Spells: 0 memorised, 3 levels left

rFire  . . .     SeeInvis +     a - +1 rapier
rCold  . . .     Gourm    .     b - +0 robe
rNeg   . . .     Faith    .     c - +1 buckler
rPois  .         Spirit   .     (helmet restricted)
rElec  .         Dismiss  .     (no cloak)
rCorr  .         Reflect  .     (gloves unavailable)
SustAt .         Harm     .     (boots unavailable)
MR     .....                    (no amulet)
Stlth  +.........               (no ring)
                                (no ring)

@: very quick, not resistant to hostile enchantments, very unstealthy
A: unfitting armour, see invisible, herbivore 3, speed 3, slow metabolism 2
a: no special abilities


You were in a sewer.
You were not hungry.

You visited 1 branch of the dungeon, and saw 4 of its levels.
You also visited: Sewer.

You collected 53 gold pieces.

Inventory:

Hand Weapons
 a - a +1 rapier (weapon)
Missiles
 n - 10 stones (quivered)
Armour
 b - a +0 robe (worn)
 c - a +1 buckler (worn)
Scrolls
 h - a scroll of remove curse {!r}
 i - a scroll of identify {!r}
Comestibles
 f - a bread ration


   Skills:
 - Level 2.4 Fighting
 - Level 5.0 Short Blades
 - Level 4.4 Dodging
 + Level 2.2 Shields


You had 3 spell levels left.
You didn't know any spells.

Dungeon Overview and Level Annotations

Branches:
Dungeon (4/15)
 Temple: D:4-7

Altars:


Innate Abilities, Weirdness & Mutations

You are tiny and cannot use many weapons and most armour.
You have supernaturally acute eyesight.
You are a herbivore.
You cover ground extremely quickly.
You need consume almost no food.


Message History

A kobold comes into view. It is wielding a dagger.
The kobold shouts!
You hear a chilling moan.
You closely miss the kobold. The kobold misses you.
You hit the kobold but do no damage. The kobold misses you.
You hit the kobold.
The kobold is severely wounded.
You block the kobold's attack.
You barely miss the kobold.
The kobold is severely wounded.
The kobold barely misses you.
You hit the kobold.
You kill the kobold!
You aren't carrying any potions.
Read which item? (? for menu, Esc to quit)
Really read
j - a scroll labeled JESCHA UNLA {!r}?
As you read the scroll labeled JESCHA UNLA {!r}, it crumbles to dust.
You assume a fearsome visage.
The shadow imp is unaffected. x2
It was a scroll of fear {!r}.
You barely miss the shadow imp. The shadow imp gestures at you.
You struggle to resist.
You completely miss the shadow imp.
You enter the shallow water.
Moving in this stuff is going to be slow.
The shadow imp hits you.
* * * LOW HITPOINT WARNING * * *
The shadow imp misses you.
You aren't carrying any potions.
Read which item? (? for menu, Esc to quit)
Really read
i - 2 scrolls labeled NASEOT ESTUSM {!r}?
As you read the scroll labeled NASEOT ESTUSM {!r}, it crumbles to dust.
It is a scroll of identify.
You don't have any unidentified items.
There is an open door here.
You see here a short sword.
The quasit gives a chilling moan.
The kobold shouts!
You see here a short sword.
You enter the shallow water.
Moving in this stuff is going to be slow.
n - 10 stones (gained 2)
You see here a whip.
You start resting.
The shadow imp shouts!
The shadow imp barely misses you.
You closely miss the shadow imp. The shadow imp barely misses you.
You closely miss the shadow imp. The shadow imp misses you.
You completely miss the shadow imp. The shadow imp closely misses you.
You barely miss the shadow imp. The shadow imp misses you.
You hit the shadow imp.
The shadow imp is heavily wounded.
The shadow imp hits you.
* * * LOW HITPOINT WARNING * * *
You closely miss the shadow imp.
The shadow imp is heavily wounded.
The shadow imp hits you.
* * * LOW HITPOINT WARNING * * *
You hit the shadow imp.
The shadow imp is heavily wounded.
The shadow imp hits you but does no damage.
You hit the shadow imp.
The shadow imp is almost dead.
The shadow imp gestures at you. Pain shoots through your body!
You die...

#≈≈≈# #≈≈.#
#≈≈≈# #≈≈.#
#≈≈.# #≈..#
#≈≈.# #≈..#
#≈≈)######
#≈..##...##
#≈≈.#@....#
#≈≈.5..∩∩.#
#≈≈.#.....#
#≈≈.##...##
##########


You could see a shadow imp.

Vanquished Creatures
  A big kobold zombie (Sewer)
  An adder (Sewer)
  2 shadow imps (Sewer)
  An ufetubus (Sewer)
  An adder zombie (Sewer)
  A dart slug (D:4)
  2 giant geckos (D:4)
  2 giant cockroaches (D:4)
  5 hobgoblins
  A giant newt (D:1)
  A jackal skeleton (D:4)
  12 kobolds
  A kobold zombie (Sewer)
  A rat (D:1)
32 creatures vanquished.

Vanquished Creatures (others)
  A big kobold zombie (Sewer)
  3 kobold zombies (Sewer)
4 creatures vanquished.

Grand Total: 36 creatures vanquished

Notes
Turn   | Place    | Note
--------------------------------------------------------------
     0 | D:1      | Amnesiac the Spriggan Fighter began the quest for the Orb.
     0 | D:1      | Reached XP level 1. HP: 11/11 MP: 2/2
   422 | D:2      | Reached skill level 3 in Short Blades
   428 | D:2      | Reached XP level 2. HP: 14/16 MP: 3/3
   441 | D:2      | You fall through a shaft for 2 floors!
   662 | D:4      | Found a glowing drain.
   887 | Sewer    | Entered a sewer
   989 | Sewer    | Reached XP level 3. HP: 19/19 MP: 4/4
  1015 | Sewer    | Reached skill level 4 in Short Blades
  1142 | Sewer    | Reached XP level 4. HP: 9/23 MP: 5/5
  1465 | Sewer    | Found a burning altar of Makhleb.
  1487 | Sewer    | Reached skill level 5 in Short Blades
  1547 | Sewer    | Noticed an apprentice kobold demonologist
  1653 | Sewer    | Noticed a big kobold
  1835 | Sewer    | Killed from afar by a shadow imp

Skill      XL: |  1  2  3  4 |
---------------+-------------+-----
Short Blades   | 3 4 5 |  5.0
Fighting       | |  2.4
Dodging        | |  4.4
Shields        | |  2.2

Action                   |  1- 3 |  4- 6 || total
-------------------------+-------+-------++-------
Melee: Rapier            |   100 |    78 ||   178
  Use: Potion            |     1 |     4 ||     5
       Scroll            |       |     7 ||     7
 Stab: Sleeping          |     3 |       ||     3
Armor: Robe              |     4 |    11 ||    15
Dodge: Dodged            |    54 |    88 ||   142
Block: Buckler           |    21 |    31 ||    52
